[Event "6th Tulsi Lal Memorial NTCC 2080"]
[Site "Lalitpur"]
[Date "2024.01.11"]
[Round "7.1"]
[White "Jaiswal, Rupesh"]
[Black "Nepal, Prakash Chandra"]
[Result "1-0"]
[ECO "B51"]
[WhiteElo "2009"]
[BlackElo "1900"]
[Annotator "TA"]
[PlyCount "167"]
[EventDate "2024.01.03"]
[EventType "team-tourn"]
[EventCountry "NEP"]
[SourceTitle "playchess.com"]
[Source "ChessBase"]
[SourceQuality "1"]
[TimeControl "5400+30"]

1. e4 c5 2. Nf3 d6 3. Bb5+ Nd7 4. a4 Ngf6 5. Nc3 e5 6. d3 Be7 7. Bg5 O-O 8. O-O a6 9. Bc4 Nb8 10. Bxf6 Bxf6 11. h3 Nc6 12. Nd5 Be6 13. c3 Rb8 14. Qc2 b5 15. axb5 axb5 16. Bb3 Bxd5 17. Bxd5 Ne7 18. Qb3 b4 19. Qc4 Qc7 20. Ra6 Nxd5 21. Qxd5 Rb6 22. Rfa1 bxc3 23. bxc3 Qb8 24. Ra8 (24. g3 $16) 24... Qb7 (24... Rb1+ $14 25. Kh2 Rxa1 26. Rxb8 (26. Rxa1 Qb2 $11) 26... Rxb8) 25. Qxb7 ({Besser ist} 25. Nd2 $16) 25... Rxb7 $14 26. Nd2 Rd7 27. Nc4 Rdd8 28. Rxd8 Rxd8 29. Kf1 Kf8 30. Ke2 Ke7 31. Kd2 Bg5+ 32. Kc2 g6 33. Ra7+ Rd7 34. Ra8 Ke6 35. Nb6 Rb7 36. Nd5 f5 37. Ra4 Rf7 38. f3 Rb7 39. Ra8 Kf7 40. Rh8 Kg7 41. Rc8 Kf7 42. Rc7+ Rxc7 43. Nxc7 Ke7 44. Kb3 Kd7 45. Nd5 Kc6 46. Kc4 fxe4 47. fxe4 ({Keinesfalls} 47. dxe4 Bh4 $16) 47... h5 48. g3 h4 49. g4 Bd8 50. Ne3 Bg5 51. Nc2 Bf6 52. Ne1 g5 53. Nf3 Be7 54. d4 cxd4 55. cxd4 Bf6 56. dxe5 dxe5 57. Ne1 Be7 $1 58. Nc2 Bc5 59. Na1 Be3 60. Nb3 Bb6 61. Nc1 Bc5 62. Nb3 Bb6 63. Kb4 $1 Bc7 64. Nd2 Bd6+ 65. Kc4 Be7 $1 66. Nb3 Ba3 67. Nd2 Be7 68. Nf3 Bf6 $1 69. Kb4 Kd6 (69... Kb6 $11) 70. Kb5 $1 $14 Bd8 71. Nd2 Ke6 $2 (71... Be7 $14) 72. Kc6 Ba5 73. Nb3 Bc3 74. Nc5+ Kf6 75. Kd5 Bd4 76. Nd7+ Ke7 77. Nxe5 Be3 78. Nc6+ Kd7 79. e5 Bf4 80. e6+ Ke8 81. Ke4 Kf8 82. Kf5 Be3 83. Ne5 Ke7 84. Nf7 1-0

[Event "6th Tulsi Lal Memorial NTCC 2080"]
[Site "Lalitpur"]
[Date "2024.01.11"]
[Round "7.2"]
[White "Ghimire, Sabin Chandra"]
[Black "Dahal, Sushrut"]
[Result "1/2-1/2"]
[ECO "E10"]
[WhiteElo "1869"]
[BlackElo "1895"]
[Annotator "NA RC COMBH"]
[PlyCount "80"]
[EventDate "2024.01.03"]
[EventType "team-tourn"]
[EventCountry "NEP"]
[SourceTitle "playchess.com"]
[Source "ChessBase"]
[SourceQuality "1"]
[TimeControl "5400+30"]

1. d4 Nf6 2. c4 e6 3. Nf3 c5 4. d5 exd5 5. cxd5 d6 6. e4 Be7 7. Bb5+ Bd7 8. a4 a6 9. Bxd7+ Nbxd7 10. Nc3 O-O 11. O-O Re8 12. Re1 Bf8 13. Nd2 b6 14. f4 Qc7 15. Nc4 Rab8 16. Qf3 b5 17. axb5 axb5 18. Nd2 b4 19. Nd1 g6 20. Nc4 Nxd5 {[%emt 0:00:00] Pin} 21. Bd2 N5b6 22. Nde3 Nxc4 23. Nxc4 Nb6 24. Nxb6 Qxb6 25. e5 dxe5 26. fxe5 Bg7 27. Bf4 Rbd8 28. Rad1 h5 29. Rxd8 Qxd8 30. Rd1 Qb6 31. Rd6 Qa7 32. h3 c4+ 33. Qf2 Qxf2+ 34. Kxf2 Bxe5 35. Bxe5 Rxe5 36. Rc6 c3 37. bxc3 bxc3 38. Rxc3 Ra5 39. h4 Kg7 40. Rc6 Ra4 $15 1/2-1/2

[Event "6th Tulsi Lal Memorial NTCC 2080"]
[Site "Lalitpur"]
[Date "2024.01.11"]
[Round "7.3"]
[White "Shrestha, Muhan Narshing"]
[Black "Dahal, Mission"]
[Result "0-1"]
[ECO "D00"]
[WhiteElo "1693"]
[BlackElo "1704"]
[Annotator "NA RC COMBH"]
[PlyCount "96"]
[EventDate "2024.01.03"]
[EventType "team-tourn"]
[EventCountry "NEP"]
[SourceTitle "playchess.com"]
[Source "ChessBase"]
[SourceQuality "1"]
[TimeControl "5400+30"]

1. d4 Nf6 2. Bf4 e6 3. Nc3 d5 4. e3 a6 5. g4 Bb4 6. Nge2 Ne4 7. Bg2 Nxc3 8. bxc3 Bd6 9. Qd3 c5 10. c4 dxc4 11. Qxc4 Bxf4 12. Nxf4 Nd7 13. O-O cxd4 14. exd4 O-O 15. h3 b5 16. Qd3 Rb8 17. a4 Qc7 18. Ne2 Bb7 19. Bxb7 Rxb7 20. Rfb1 Rfb8 21. Rb3 e5 22. axb5 axb5 23. c3 Qd6 24. Rab1 Nc5 25. Qc2 Nxb3 26. Rxb3 b4 27. dxe5 Qxe5 28. cxb4 g6 29. b5 Rxb5 30. Rxb5 Rxb5 31. Qd3 Rd5 32. Qc4 Rd1+ 33. Kg2 Rd2 34. Ng3 Rd4 35. Qc8+ Kg7 36. Qc3 Qd5+ 37. Kh2 Qd6 38. Kg2 f6 39. Qe3 Qe5 40. Qxe5 fxe5 41. Kf3 h6 42. h4 Rf4+ 43. Kg2 Rxg4 44. h5 gxh5 45. Kh3 Rxg3+ 46. Kxg3 Kg6 47. f4 e4 48. Kh4 Kf5 0-1

[Event "6th Tulsi Lal Memorial NTCC 2080"]
[Site "Lalitpur"]
[Date "2024.01.11"]
[Round "7.4"]
[White "Adhikari, Kritisara"]
[Black "Lohani, Sujana"]
[Result "1-0"]
[ECO "A48"]
[WhiteElo "1527"]
[BlackElo "1756"]
[Annotator "NA RC COMBH"]
[PlyCount "110"]
[EventDate "2024.01.03"]
[EventType "team-tourn"]
[EventCountry "NEP"]
[SourceTitle "playchess.com"]
[Source "ChessBase"]
[SourceQuality "1"]
[TimeControl "5400+30"]

1. d4 Nf6 2. Bf4 d6 3. e3 g6 4. Nf3 Bg7 5. h3 O-O 6. Be2 c5 7. c3 b6 8. O-O Bb7 9. Nbd2 Re8 10. Re1 Nc6 11. Bb5 a6 12. Bxc6 Bxc6 13. a4 Ra7 14. Bg3 Qa8 15. Qe2 Ne4 16. Nxe4 Bxe4 17. Kh2 Bxf3 18. Qxf3 Qxf3 19. gxf3 e5 20. dxe5 dxe5 21. Red1 Rb7 22. Rd6 Bf8 23. Rd5 f6 24. c4 Kf7 25. Kg2 Ree7 26. Rad1 Re6 27. b3 Ke7 28. f4 exf4 29. Bxf4 Kf7 30. Kf3 f5 31. Rd7+ Re7 32. R7d5 Bg7 33. R1d3 Bf6 34. Bg3 Re4 35. Rd7+ Re7 36. R7d5 h6 37. h4 Kg7 38. h5 Rf7 39. hxg6 Kxg6 40. Bf4 Be7 41. Rd7 Bf6 42. R7d5 a5 43. Bg3 Bg5 44. Bf4 Rf6 45. Bxg5 hxg5 46. Rd6 Rbf7 47. Rxf6+ Rxf6 48. Rd5 g4+ 49. Kf4 Rf7 50. Rd6+ Kg7 51. Rxb6 Rf6 52. Rb5 Kg6 53. Rxc5 Rb6 54. Rb5 Rf6 55. Rxa5 Re6 1-0

[Event "6th Tulsi Lal Memorial NTCC 2080"]
[Site "Lalitpur"]
[Date "2024.01.11"]
[Round "7.5"]
[White "Subedi, Rajan"]
[Black "Thapa, Krishna"]
[Result "0-1"]
[ECO "B44"]
[WhiteElo "1809"]
[BlackElo "1944"]
[Annotator "RC"]
[PlyCount "169"]
[EventDate "2024.01.03"]
[EventType "team-tourn"]
[EventCountry "NEP"]
[SourceTitle "playchess.com"]
[Source "ChessBase"]
[SourceQuality "1"]
[TimeControl "5400+30"]

1. e4 c5 2. Nf3 e6 3. c4 Nc6 4. d4 cxd4 5. Nxd4 Nf6 6. Nc3 Bb4 7. Nxc6 bxc6 8. Bd3 e5 9. O-O d6 10. Qa4 Bxc3 11. bxc3 Qc7 12. c5 dxc5 13. Be3 Nd7 14. Qa3 O-O 15. Bxc5 Nxc5 16. Qxc5 Be6 17. h3 Rfd8 18. Rfd1 h6 19. Bc2 Rxd1+ 20. Rxd1 Bxa2 21. Ra1 Be6 22. Ra6 Qd8 23. Ba4 Qd3 24. Ra5 Qxe4 25. Bxc6 Qe1+ 26. Kh2 Rd8 27. Rxa7 Rd2 28. Qe3 Qxe3 29. fxe3 Kf8 30. e4 Bc4 31. Kg1 Rd6 32. Rc7 Be6 33. Bb5 Rd8 34. Ba6 Rd7 35. Rc5 f6 36. Kf2 Ra7 37. Be2 Ke7 38. h4 Kd6 39. Rb5 Rc7 40. Rb6+ Ke7 41. h5 Rxc3 42. Rb7+ Kf8 43. Bb5 Rc8 44. Kg3 f5 45. exf5 Bxf5 46. Bd7 Rc3+ 47. Kf2 Rc2+ 48. Kf1 Be4 49. Rb8+ Ke7 50. Bh3 Bd3+ 51. Kg1 Kf6 52. Re8 e4 53. g3 Rc5 54. Kf2 Rxh5 55. Bg2 Re5 56. Ra8 e3+ 57. Ke1 Rc5 58. Ra1 Rc2 59. Bf1 Bxf1 60. Kxf1 Rf2+ 61. Kg1 Kg5 62. Ra4 Rb2 63. Kf1 Kf5 64. Rf4+ Ke5 65. Ra4 Rf2+ 66. Ke1 Rg2 67. g4 Kf6 68. Kf1 Rg3 69. Ke2 Kg5 70. Ra7 g6 71. Ra6 Rxg4 72. Kxe3 Kh4 73. Kf3 h5 74. Ra5 Rb4 75. Kg2 g5 76. Ra2 g4 77. Kh2 g3+ 78. Kh1 Kg4 79. Rc2 h4 80. Rc1 Kh3 81. Rd1 Kg4 82. Ra1 h3 83. Rc1 h2 84. Rc2 Rb1+ 85. Kg2 0-1

[Event "6th Tulsi Lal Memorial NTCC 2080"]
[Site "Lalitpur"]
[Date "2024.01.11"]
[Round "7.6"]
[White "Das, Singhesor"]
[Black "Maharjan, Suroj"]
[Result "1-0"]
[ECO "B07"]
[WhiteElo "1873"]
[BlackElo "1832"]
[Annotator "NA RC COMBH"]
[PlyCount "117"]
[EventDate "2024.01.03"]
[EventType "team-tourn"]
[EventCountry "NEP"]
[SourceTitle "playchess.com"]
[Source "ChessBase"]
[SourceQuality "1"]
[TimeControl "5400+30"]

1. e4 d6 2. d4 Nf6 3. Nc3 c6 4. Nf3 Bg4 5. Be2 Nbd7 6. O-O e5 7. Be3 Be7 8. Qd2 Qc7 9. h3 Bh5 10. dxe5 dxe5 11. a3 (11. Nh4 $11) 11... Rd8 12. Qe1 a5 (12... Bc5 $142) 13. Nd2 Bg6 14. f3 Nh5 15. Kh2 O-O 16. Rd1 Nc5 17. Qf2 Nd7 18. Nc4 b5 19. g4 (19. Nb6 $14 {stays ahead.}) 19... bxc4 20. gxh5 Bxh5 21. Bxc4 Rb8 22. Na4 Nf6 23. Bb6 Qc8 24. Bxa5 Bg6 25. Bc3 Qc7 26. Nc5 Ra8 27. Nd3 Bd6 28. Qh4 Rfe8 29. Qg5 Kh8 30. Rg1 Ra4 31. Bb3 Rxe4 32. fxe4 Nxe4 33. Qe3 Nxc3 34. bxc3 c5 35. Nf2 e4+ 36. Rxd6 Qxd6+ 37. Qg3 Qd2 38. Bxf7 Rf8 $18 39. Rg2 e3 40. Ne4 Qxg2+ 41. Qxg2 Rxf7 42. Kg1 Re7 43. Ng3 h6 44. Qe2 Re5 45. Kg2 c4 46. Kf3 Kh7 47. Kf4 Re8 48. Nf1 Rf8+ 49. Ke5 Rf2 50. Qe1 Rf5+ 51. Kd4 Rf4+ 52. Kc5 Bxc2 53. Nxe3 Bd3 54. a4 Rf7 55. a5 g5 56. Nd5 Bf5 57. Qe3 Ra7 58. Kb6 Rd7 59. Nf6+ 1-0

[Event "6th Tulsi Lal Memorial NTCC 2080"]
[Site "Lalitpur"]
[Date "2024.01.11"]
[Round "7.8"]
[White "Gautam, Anushna"]
[Black "Demanraura, Ayush"]
[Result "1-0"]
[ECO "C54"]
[WhiteElo "1400"]
[BlackElo "1410"]
[Annotator "NA RC COMBH"]
[PlyCount "73"]
[EventDate "2024.01.03"]
[EventType "team-tourn"]
[EventCountry "NEP"]
[SourceTitle "playchess.com"]
[Source "ChessBase"]
[SourceQuality "1"]
[TimeControl "5400+30"]

1. e4 e5 2. Nf3 Nc6 3. Bc4 Bc5 4. c3 Nf6 5. d3 d6 6. a4 a5 7. O-O O-O 8. Bg5 Be6 9. Nbd2 Qe7 10. Re1 Rad8 11. Qb3 Bb6 12. Bxe6 Qxe6 13. Nc4 Ng4 14. Bxd8 Bxf2+ 15. Kf1 Bxe1 16. Bxc7 Bxc3 17. Qxc3 Qf6 18. Bxd6 Re8 19. Ke1 Nd4 20. Kd1 Nxf3 21. gxf3 Qxf3+ 22. Kc2 Rc8 23. Kb3 Nf2 24. Bxe5 Nxd3 25. Bxg7 Nc5+ 26. Ka2 Qxc3 27. Bxc3 Nxa4 28. Rg1+ Kf8 29. Bg7+ Ke7 30. Ne3 b5 31. Rf1 Nb6 32. Rf5 Nc4 33. Nxc4 Rxc4 34. Rxb5 Rxe4 35. Re5+ Rxe5 36. Bxe5 Kd7 37. Ka3 1-0